SHEDIAC CRUNCH vs PHILADELPHIA RAIDERS

Created - 1 décembre 2025 at 20:55

Goals
1 2 3 T
SHEDIAC CRUNCH 0 0 0 0
PHILADELPHIA RAIDERS 3 0 1 4
Shots
1 2 3 T
SHEDIAC CRUNCH 13 7 9 29
PHILADELPHIA RAIDERS 16 18 12 46

1st period

1. PHILADELPHIA RAIDERS , Curtis Lazar 6 (Lukas Rousek 6, Matthew Poitras 12) at 1:09
2. PHILADELPHIA RAIDERS , Matthew Poitras 14 (Curtis Lazar 11, Lukas Rousek 7) at 8:36
3. PHILADELPHIA RAIDERS , Matthew Poitras 15 (Riley Kidney 6) at 19:59

Penalties :
Braden Hache (SHE) for Interference (Minor) at 5:12, Zack Ostapchuk (PHI) for Tripping (Minor) at 9:18, Gemel Smith (SHE) for Hooking (Minor) at 12:14, Brandon Coe (SHE) for Hooking (Minor) at 16:42

2nd period

No Goal

Penalties :
Curtis Lazar (PHI) for Interference (Minor) at 6:53, Donovan Sebrango (PHI) for Interference (Minor) at 11:33, Elias Salomonsson (SHE) for Hooking (Minor) at 13:59, Luke Prokop (SHE) for Roughing (Minor) at 18:32

3rd period

4. PHILADELPHIA RAIDERS , Jaycob Megna 1 (Matthew Poitras 13) at 12:58 (PP)

Penalties :
Jujhar Khaira (SHE) for Holding (Minor) at 4:16, Braden Hache (SHE) for High sticking (Minor) at 11:03, Braden Hache (SHE) for Hooking (Minor) at 14:09, Braden Hache (SHE) for Tripping (Minor) at 16:22, Tyce Thompson (PHI) for Hooking (Minor) at 18:24

Goalie Stats

Matt Villalta (SHE), 42 saves from 46 shots - (0,913), L, 5-10-0, 60:00 minutes
Jaxson Stauber (PHI), 29 saves from 29 shots - (1,000), W, 9-4-2, 60:00 minutes

Players Stats for SHEDIAC CRUNCH

Player Name              G  A  P  +/- PIM S  H  SB GA TA FO     MP     PP MP  PK MP  
------------------------------------------------------------------------------------
Alex Doucet              0  0  0   0  0   5  0  0  0  0  4/8    17:35   3:18   9:08 
Atley Calvert            0  0  0  -2  0   0  2  0  0  0  6/13   15:54   0:00   4:48 
Brad Hunt                0  0  0  -1  0   0  0  0  0  0  0/0    12:52   0:16   6:04 
Braden Hache             0  0  0  -1  8   0  11 2  0  0  0/0    21:17   3:32   3:15 
Brandon Coe              0  0  0  -1  2   0  3  0  0  0  0/0     9:22   0:00   0:00 
Callahan Burke           0  0  0  -1  0   5  0  1  0  0  0/0    10:59   0:50   0:43 
Chase De Leo             0  0  0  -1  0   5  0  0  0  0  9/13   18:36   3:43   2:14 
Dylan Gambrell           0  0  0  -1  0   3  0  0  0  0  4/11   24:33   3:12   8:00 
Elias Salomonsson        0  0  0  -1  2   3  0  2  0  0  0/0    24:55   3:54   7:05 
Gemel Smith              0  0  0  -1  2   0  2  0  0  0  1/3    16:10   4:14   0:00 
Jaydon Dureau            0  0  0   0  0   0  0  0  0  0  0/0     0:45   0:06   0:15 
Jimmy Schuldt            0  0  0  -1  0   0  3  1  0  0  0/0    22:24   3:50   9:07 
Jujhar Khaira            0  0  0  -1  2   1  0  1  0  0  19/32  16:49   2:59   4:22 
Kasper Halttunen         0  0  0   0  0   0  0  0  0  0  0/0     0:00   0:00   0:00 
Luke Prokop              0  0  0  -1  2   0  3  2  0  0  0/0    23:46   3:32   6:17 
Marcel Marcel            0  0  0   0  0   5  5  0  0  0  0/2    21:46   4:14   6:04 
Rasmus Asplund           0  0  0  -1  0   2  1  0  0  0  0/2     9:41   0:00   0:00 
Tyrel Bauer              0  0  0  -1  0   0  4  0  0  0  0/0    14:40   0:00   3:46 

Players Stats for PHILADELPHIA RAIDERS

Player Name              G  A  P  +/- PIM S  H  SB GA TA FO     MP     PP MP  PK MP  
------------------------------------------------------------------------------------
Brandon Scanlin          0  0  0   0  0   0  4  1  0  0  0/0    27:29   8:40   3:54 
Cale Fleury              0  0  0   0  0   1  0  0  0  0  0/0     8:48   1:34   0:55 
Cameron Lund             0  0  0   0  0   4  0  0  0  0  3/7    13:54   3:08   1:30 
Curtis Lazar             1  1  2   2  2   11 0  2  0  0  6/9    19:53   8:03   1:56 
Donovan Sebrango         0  0  0   0  2   1  1  0  0  0  0/0    23:00   7:33   0:00 
Gavin Hayes              0  0  0   0  0   3  0  0  0  0  1/3    23:41   9:16   1:08 
Jaycob Megna             1  0  1   3  0   2  0  1  0  0  0/0    25:59   8:24   2:43 
Jayden Grubbe            0  0  0   0  0   0  0  0  0  0  0/0     0:49   0:16   0:33 
Jett Luchanko            0  0  0   0  0   0  0  0  0  0  0/0     0:00   0:00   0:00 
Jonathan Gruden          0  0  0   0  0   4  0  0  0  0  0/1    23:00   9:41   0:02 
Lukas Rousek             0  2  2   2  0   3  1  0  0  0  4/5    21:41   8:06   3:40 
Matthew Poitras          2  2  4   3  0   6  0  0  0  0  7/22   26:24   7:13   2:35 
Noah Warren              0  0  0   0  0   1  0  0  0  0  0/0     7:20   0:49   4:29 
Riley Kidney             0  1  1   1  0   0  0  0  0  0  5/7    15:09   0:00   3:40 
Shai Buium               0  0  0   3  0   2  0  4  0  0  0/0    27:23   8:34   3:03 
Simon Lundmark           0  0  0   0  0   0  0  0  0  0  0/0     0:00   0:00   0:00 
Tyce Thompson            0  0  0   1  2   0  2  0  0  0  2/2     7:00   0:00   0:00 
Zack Ostapchuk           0  0  0   0  2   8  9  0  0  0  13/28  20:54   7:38   0:00 

3 Stars

1 - Matthew Poitras (PHI)
2 - Jaxson Stauber (PHI)
3 - Jaycob Megna (PHI)

Power Play

SHEDIAC CRUNCH - 0 on 4 Attempt(s) - 0,00%
PHILADELPHIA RAIDERS - 1 on 9 Attempt(s) - 11,11%

Penalty Kill

SHEDIAC CRUNCH - 8 on 9 Attempt(s) - 88,89% - Score 0 goal in Penalty Kill
PHILADELPHIA RAIDERS - 4 on 4 Attempt(s) - 100,00% - Score 0 goal in Penalty Kill

Team Stat

SHEDIAC CRUNCH - Hits : 34 - Faceoff Wins : 43 - Blocked Shots : 9 - Penalty Minutes : 18
PHILADELPHIA RAIDERS - Hits : 17 - Faceoff Wins : 41 - Blocked Shots : 8 - Penalty Minutes : 8

Official

Referees : Chris Schlenker and Conor O'Donnell
Linesman : Ryan Daisy and Derek Amell

Game Notes

Jujhar Khaira is injured at 6:35 of 3rd period (Fractured Metatarsal (Right Foot))

SHEDIAC CRUNCH

5 vs 5 Forward 
   Center                   Left Wing                Right Wing               Time % Phy DF OF 
 1 Dylan Gambrell           Chase De Leo             Alex Doucet              36     1   2  2  
 2 Jujhar Khaira            Marcel Marcel            Gemel Smith              31     1   2  2  
 3 Chase De Leo             Brandon Coe              Callahan Burke           23     1   2  2  
 4 Atley Calvert            Rasmus Asplund           Dylan Gambrell           10     1   2  2  

5 vs 5 Defense 
   Defense                  Defense                                           Time % Phy DF OF 
 1 Jimmy Schuldt            Elias Salomonsson                                 36     1   2  2  
 2 Braden Hache             Luke Prokop                                       31     1   2  2  
 3 Jimmy Schuldt            Brad Hunt                                         23     1   2  2  
 4 Tyrel Bauer              Elias Salomonsson                                 10     1   2  2  

PowerPlay Forward 
   Center                   Left Wing                Right Wing               Time % Phy DF OF 
 1 Dylan Gambrell           Chase De Leo             Alex Doucet              55     1   2  2  
 2 Jujhar Khaira            Marcel Marcel            Gemel Smith              45     1   2  2  

PowerPlay Defense
   Defense                  Defense                                           Time % Phy DF OF 
 1 Jimmy Schuldt            Elias Salomonsson                                 55     1   2  2  
 2 Braden Hache             Luke Prokop                                       45     1   2  2  

Penalty Kill 4 Players Forward 
   Center                   Wing                     Time % Phy DF OF 
 1 Jujhar Khaira            Dylan Gambrell           55     1   2  2  
 2 Alex Doucet              Marcel Marcel            45     1   2  2  

Penalty Kill 4 Players Defense
   Defense                  Defense                  Time % Phy DF OF 
 1 Jimmy Schuldt            Elias Salomonsson        55     1   2  2  
 2 Braden Hache             Luke Prokop              45     1   2  2  

Penalty Kill - 3 Players Forward 
   Forward                                           Time % Phy DF OF 
 1 Alex Doucet                                       55     1   2  2  
 2 Dylan Gambrell                                    45     1   2  2  

Penalty Kill - 3 Players Defense
   Defense                  Defense                  Time % Phy DF OF 
 1 Tyrel Bauer              Elias Salomonsson        55     1   2  2  
 2 Braden Hache             Luke Prokop              45     1   2  2  

4 vs 4 Forward 
   Center                   Wing                     Time % Phy DF OF 
 1 Jujhar Khaira            Dylan Gambrell           55     1   2  2  
 2 Alex Doucet              Marcel Marcel            45     1   2  2  

4 vs 4 Defense
   Defense                  Defense                  Time % Phy DF OF 
 1 Brad Hunt                Elias Salomonsson        55     1   2  2  
 2 Braden Hache             Luke Prokop              45     1   2  2  

Last Minutes Offensive
   Center                   Left Wing                Right Wing               Defense                  Defense                  
   Dylan Gambrell           Jujhar Khaira            Alex Doucet              Braden Hache             Elias Salomonsson        

Last Minutes Defensive
   Center                   Left Wing                Right Wing               Defense                  Defense                  
   Dylan Gambrell           Jujhar Khaira            Alex Doucet              Braden Hache             Elias Salomonsson        

Goaltenders
Starting : Matt Villalta            
Backup : Isaac Poulter            

Extra Forwards
Normal : Chase De Leo, Callahan Burke, Atley Calvert - PP : Chase De Leo, Callahan Burke - PK : Atley Calvert
Extra Defensemen
Normal : Jimmy Schuldt, Brad Hunt, Tyrel Bauer - PP : Jimmy Schuldt - PK : Brad Hunt, Tyrel Bauer
Penalty Shots
Chase De Leo, Dylan Gambrell, Alex Doucet, Marcel Marcel, Jujhar Khaira

Scratches
Connor Hughes (Healthy)

PHILADELPHIA RAIDERS

5 vs 5 Forward 
   Center                   Left Wing                Right Wing               Time % Phy DF OF 
 1 Matthew Poitras          Curtis Lazar             Lukas Rousek             36     1   2  2  
 2 Zack Ostapchuk           Jonathan Gruden          Gavin Hayes              31     1   2  2  
 3 Matthew Poitras          Riley Kidney             Cameron Lund             23     1   2  2  
 4 Riley Kidney             Tyce Thompson            Matthew Poitras          10     1   2  2  

5 vs 5 Defense 
   Defense                  Defense                                           Time % Phy DF OF 
 1 Jaycob Megna             Shai Buium                                        36     1   2  2  
 2 Donovan Sebrango         Brandon Scanlin                                   31     1   2  2  
 3 Shai Buium               Jaycob Megna                                      23     1   2  2  
 4 Shai Buium               Jaycob Megna                                      10     1   2  2  

PowerPlay Forward 
   Center                   Left Wing                Right Wing               Time % Phy DF OF 
 1 Matthew Poitras          Curtis Lazar             Lukas Rousek             55     1   2  2  
 2 Zack Ostapchuk           Jonathan Gruden          Gavin Hayes              45     1   2  2  

PowerPlay Defense
   Defense                  Defense                                           Time % Phy DF OF 
 1 Jaycob Megna             Shai Buium                                        55     1   2  2  
 2 Donovan Sebrango         Brandon Scanlin                                   45     1   2  2  

Penalty Kill 4 Players Forward 
   Center                   Wing                     Time % Phy DF OF 
 1 Curtis Lazar             Matthew Poitras          55     1   2  2  
 2 Lukas Rousek             Riley Kidney             45     1   2  2  

Penalty Kill 4 Players Defense
   Defense                  Defense                  Time % Phy DF OF 
 1 Jaycob Megna             Shai Buium               55     1   2  2  
 2 Noah Warren              Brandon Scanlin          45     1   2  2  

Penalty Kill - 3 Players Forward 
   Forward                                           Time % Phy DF OF 
 1 Riley Kidney                                      55     1   2  2  
 2 Matthew Poitras                                   45     1   2  2  

Penalty Kill - 3 Players Defense
   Defense                  Defense                  Time % Phy DF OF 
 1 Jaycob Megna             Donovan Sebrango         55     1   2  2  
 2 Shai Buium               Brandon Scanlin          45     1   2  2  

4 vs 4 Forward 
   Center                   Wing                     Time % Phy DF OF 
 1 Lukas Rousek             Matthew Poitras          55     1   2  2  
 2 Curtis Lazar             Cameron Lund             45     1   2  2  

4 vs 4 Defense
   Defense                  Defense                  Time % Phy DF OF 
 1 Jaycob Megna             Shai Buium               55     1   2  2  
 2 Simon Lundmark           Brandon Scanlin          45     1   2  2  

Last Minutes Offensive
   Center                   Left Wing                Right Wing               Defense                  Defense                  
   Matthew Poitras          Curtis Lazar             Lukas Rousek             Jaycob Megna             Shai Buium               

Last Minutes Defensive
   Center                   Left Wing                Right Wing               Defense                  Defense                  
   Matthew Poitras          Curtis Lazar             Lukas Rousek             Jaycob Megna             Shai Buium               

Goaltenders
Starting : Jaxson Stauber           
Backup : Aaron Dell               

Extra Forwards
Normal : Matthew Poitras, Tyce Thompson, Curtis Lazar - PP : Matthew Poitras, Lukas Rousek - PK : Matthew Poitras
Extra Defensemen
Normal : Jaycob Megna, Shai Buium, Brandon Scanlin - PP : Jaycob Megna - PK : Brandon Scanlin, Jaycob Megna
Penalty Shots
Tyce Thompson, Matthew Poitras, Curtis Lazar, Lukas Rousek, Zack Ostapchuk

Scratches
Artur Cholach (Healthy), John Ludvig (Healthy), Jani Hakanpaa (Healthy), Ethan Gauthier (Healthy), Hank Kempf (Healthy)
Kalan Lind (Healthy), Michael Callahan (Healthy)

% Time on Ice - SHEDIAC CRUNCH

Lines # - Real PCT - Wanted PCT - Time Play
Normal Forward
1 - 11% - 36% - 3:40
2 - 34% - 31% - 11:57
3 - 27% - 23% - 9:23
4 - 28% - 10% - 9:41
Normal Defense
1 - 15% - 36% - 5:17
2 - 41% - 31% - 14:12
3 - 18% - 23% - 6:12
4 - 26% - 10% - 9:00
PP Forward
1 - 44% - 55% - 3:18
2 - 56% - 45% - 4:14
PP Defense
1 - 53% - 55% - 4:00
2 - 47% - 45% - 3:32
PK Forward
1 - 66% - 55% - 11:43
2 - 34% - 45% - 6:04
PK Defense
1 - 49% - 55% - 8:46
2 - 51% - 45% - 9:01
PK3 Forward
1 - 0% - 55%
2 - 0% - 45%
PK3 Defense
1 - 0% - 55%
2 - 0% - 45%
44 Forward
1 - 0% - 55%
2 - 0% - 45%
44 Defense
1 - 0% - 55%
2 - 0% - 45%
Last Minute Offensive  - 0:00
Last Minute Defensive  - 0:00
Total
Forward - 60:00
Defense - 60:00

% Time on Ice - PHILADELPHIA RAIDERS

Lines # - Real PCT - Wanted PCT - Time Play
Normal Forward
1 - 29% - 36% - 9:55
2 - 38% - 31% - 13:17
3 - 18% - 23% - 6:09
4 - 15% - 10% - 5:20
Normal Defense
1 - 36% - 36% - 12:32
2 - 48% - 31% - 16:45
3 - 16% - 23% - 5:24
4 - 0% - 10% - 0:00
PP Forward
1 - 46% - 55% - 8:06
2 - 54% - 45% - 9:41
PP Defense
1 - 50% - 55% - 8:58
2 - 50% - 45% - 8:49
PK Forward
1 - 51% - 55% - 3:52
2 - 49% - 45% - 3:40
PK Defense
1 - 40% - 55% - 3:03
2 - 60% - 45% - 4:29
PK3 Forward
1 - 0% - 55%
2 - 0% - 45%
PK3 Defense
1 - 0% - 55%
2 - 0% - 45%
44 Forward
1 - 0% - 55%
2 - 0% - 45%
44 Defense
1 - 0% - 55%
2 - 0% - 45%
Last Minute Offensive  - 0:00
Last Minute Defensive  - 0:00
Total
Forward - 60:00
Defense - 60:00

Play-by-Play

1st period


0:01 of 1st period - Alex Doucet wins face-off versus Matthew Poitras in neutral zone.
0:03 of 1st period - Off-side.
0:04 of 1st period - Jujhar Khaira wins face-off versus Zack Ostapchuk in neutral zone.
0:04 of 1st period - Gemel Smith is hit by Zack Ostapchuk and loses puck.
0:55 of 1st period - Shot by Curtis Lazar.
0:55 of 1st period - Stopped by Matt Villalta without a rebound.
0:56 of 1st period - Dylan Gambrell wins face-off versus Matthew Poitras in SHEDIAC CRUNCH zone.
1:05 of 1st period - Off-side.
1:06 of 1st period - Matthew Poitras wins face-off versus Chase De Leo in neutral zone.
1:09 of 1st period - Shot by Curtis Lazar.
1:09 of 1st period - Goal by Curtis Lazar - SHEDIAC CRUNCH : 0 - PHILADELPHIA RAIDERS : 1.
1:10 of 1st period - Chase De Leo wins face-off versus Matthew Poitras in neutral zone.
1:17 of 1st period - Shot by Chase De Leo.
1:17 of 1st period - Stopped by Jaxson Stauber with a rebound.
1:19 of 1st period - Shot by Brad Hunt.
1:19 of 1st period - Shot Misses the Net.
1:25 of 1st period - Shot by Callahan Burke.
1:25 of 1st period - Stopped by Jaxson Stauber with a rebound.
1:31 of 1st period - Shot by Brandon Coe.
1:31 of 1st period - Shot Blocked by Shai Buium.
1:33 of 1st period - Shot by Callahan Burke.
1:33 of 1st period - Stopped by Jaxson Stauber without a rebound.
1:34 of 1st period - Zack Ostapchuk wins face-off versus Atley Calvert in PHILADELPHIA RAIDERS zone.
1:58 of 1st period - Shot by Atley Calvert.
1:58 of 1st period - Shot Blocked by Brandon Scanlin.
2:22 of 1st period - Icing by Rasmus Asplund.
2:23 of 1st period - Atley Calvert wins face-off versus Matthew Poitras in SHEDIAC CRUNCH zone.
2:28 of 1st period - Jaycob Megna is hit by Atley Calvert and loses puck.
2:47 of 1st period - Matthew Poitras is hit by Tyrel Bauer and loses puck.
3:36 of 1st period - Shot by Gavin Hayes.
3:36 of 1st period - Stopped by Matt Villalta with a rebound.
3:38 of 1st period - Shot by Zack Ostapchuk.
3:38 of 1st period - Stopped by Matt Villalta without a rebound.
3:39 of 1st period - Tyce Thompson wins face-off versus Jujhar Khaira in SHEDIAC CRUNCH zone.
3:39 of 1st period - Tyce Thompson is hit by Braden Hache.
3:41 of 1st period - Shot by Lukas Rousek.
3:41 of 1st period - Stopped by Matt Villalta without a rebound.
3:42 of 1st period - Matthew Poitras wins face-off versus Jujhar Khaira in SHEDIAC CRUNCH zone.
3:43 of 1st period - Shot by Curtis Lazar.
3:43 of 1st period - Shot Blocked by Braden Hache.
3:57 of 1st period - Shot by Jujhar Khaira.
3:57 of 1st period - Shot Misses the Net.
4:09 of 1st period - Shot by Marcel Marcel.
4:09 of 1st period - Stopped by Jaxson Stauber without a rebound.
4:10 of 1st period - Chase De Leo wins face-off versus Zack Ostapchuk in PHILADELPHIA RAIDERS zone.
4:13 of 1st period - Shot by Callahan Burke.
4:13 of 1st period - Stopped by Jaxson Stauber without a rebound.
4:14 of 1st period - Chase De Leo wins face-off versus Zack Ostapchuk in PHILADELPHIA RAIDERS zone.
4:17 of 1st period - Shot by Callahan Burke.
4:17 of 1st period - Shot Misses the Net.
4:29 of 1st period - Shot by Jonathan Gruden.
4:29 of 1st period - Deflect By Zack Ostapchuk.
4:29 of 1st period - Shot Blocked by Jimmy Schuldt.
4:31 of 1st period - Shot by Zack Ostapchuk.
4:31 of 1st period - Shot Misses the Net.
4:33 of 1st period - Shot by Jaycob Megna.
4:33 of 1st period - Shot Blocked by Callahan Burke.
4:37 of 1st period - Shot by Zack Ostapchuk.
4:37 of 1st period - Shot Misses the Net.
4:39 of 1st period - Shot by Shai Buium.
4:39 of 1st period - Stopped by Matt Villalta without a rebound.
4:40 of 1st period - Jujhar Khaira wins face-off versus Matthew Poitras in SHEDIAC CRUNCH zone.
4:45 of 1st period - Shot by Marcel Marcel.
4:45 of 1st period - Shot Blocked by Curtis Lazar.
5:06 of 1st period - Matthew Poitras is hit by Luke Prokop.
5:11 of 1st period - Icing by Luke Prokop.
5:12 of 1st period - Zack Ostapchuk wins face-off versus Jujhar Khaira in SHEDIAC CRUNCH zone.
5:12 of 1st period - Minor Penalty to Braden Hache for Interference.
5:13 of 1st period - Jujhar Khaira wins face-off versus Zack Ostapchuk in SHEDIAC CRUNCH zone.
6:11 of 1st period - Shot by Curtis Lazar.
6:11 of 1st period - Deflect By Lukas Rousek.
6:11 of 1st period - Shot Misses the Net.
7:18 of 1st period - Callahan Burke is hit by Brandon Scanlin and loses puck.
7:24 of 1st period - Brandon Coe is hit by Brandon Scanlin and loses puck.
7:38 of 1st period - Callahan Burke is hit by Donovan Sebrango and loses puck.
8:05 of 1st period - Shot by Matthew Poitras.
8:05 of 1st period - Shot Misses the Net.
8:07 of 1st period - Shot by Cale Fleury.
8:07 of 1st period - Stopped by Matt Villalta without a rebound.
8:08 of 1st period - Jujhar Khaira wins face-off versus Matthew Poitras in SHEDIAC CRUNCH zone.
8:23 of 1st period - Curtis Lazar is hit by Tyrel Bauer and loses puck.
8:36 of 1st period - Shot by Matthew Poitras.
8:36 of 1st period - Goal by Matthew Poitras - SHEDIAC CRUNCH : 0 - PHILADELPHIA RAIDERS : 2.
8:37 of 1st period - Chase De Leo wins face-off versus Zack Ostapchuk in neutral zone.
8:52 of 1st period - Callahan Burke is hit by Zack Ostapchuk and loses puck.
8:57 of 1st period - Shot by Zack Ostapchuk.
8:57 of 1st period - Deflect By Gavin Hayes.
8:57 of 1st period - Stopped by Matt Villalta without a rebound.
8:58 of 1st period - Cameron Lund wins face-off versus Dylan Gambrell in SHEDIAC CRUNCH zone.
9:13 of 1st period - Shot by Matthew Poitras.
9:13 of 1st period - Stopped by Matt Villalta without a rebound.
9:14 of 1st period - Zack Ostapchuk wins face-off versus Jujhar Khaira in SHEDIAC CRUNCH zone.
9:15 of 1st period - Shot by Gavin Hayes.
9:15 of 1st period - Shot Misses the Net.
9:17 of 1st period - Shot by Donovan Sebrango.
9:17 of 1st period - Stopped by Matt Villalta without a rebound.
9:18 of 1st period - Jujhar Khaira wins face-off versus Gavin Hayes in SHEDIAC CRUNCH zone.
9:18 of 1st period - Minor Penalty to Zack Ostapchuk for Tripping.
9:19 of 1st period - Jujhar Khaira wins face-off versus Curtis Lazar in PHILADELPHIA RAIDERS zone.
9:37 of 1st period - Shot by Jujhar Khaira.
9:37 of 1st period - Stopped by Jaxson Stauber with a rebound.
9:39 of 1st period - Shot by Jimmy Schuldt.
9:39 of 1st period - Shot Hit the Post.
9:41 of 1st period - Shot by Elias Salomonsson.
9:41 of 1st period - Stopped by Jaxson Stauber with a rebound.
10:27 of 1st period - Shot by Alex Doucet.
10:27 of 1st period - Stopped by Jaxson Stauber without a rebound.
10:28 of 1st period - Dylan Gambrell wins face-off versus Curtis Lazar in PHILADELPHIA RAIDERS zone.
10:29 of 1st period - Shot by Chase De Leo.
10:29 of 1st period - Stopped by Jaxson Stauber without a rebound.
10:30 of 1st period - Curtis Lazar wins face-off versus Dylan Gambrell in PHILADELPHIA RAIDERS zone.
10:41 of 1st period - Shot by Alex Doucet.
10:41 of 1st period - Deflect By Dylan Gambrell.
10:41 of 1st period - Stopped by Jaxson Stauber with a rebound.
10:43 of 1st period - Shot by Alex Doucet.
10:43 of 1st period - Shot Misses the Net.
10:45 of 1st period - Shot by Alex Doucet.
10:45 of 1st period - Shot Misses the Net.
10:47 of 1st period - Shot by Jimmy Schuldt.
10:47 of 1st period - Shot Misses the Net.
10:49 of 1st period - Shot by Elias Salomonsson.
10:49 of 1st period - Stopped by Jaxson Stauber with a rebound.
11:13 of 1st period - Off-side.
11:14 of 1st period - Curtis Lazar wins face-off versus Jujhar Khaira in neutral zone.
11:34 of 1st period - Shot by Marcel Marcel.
11:34 of 1st period - Stopped by Jaxson Stauber without a rebound.
11:35 of 1st period - Matthew Poitras wins face-off versus Atley Calvert in PHILADELPHIA RAIDERS zone.
11:44 of 1st period - Shot by Curtis Lazar.
11:44 of 1st period - Shot Blocked by Elias Salomonsson.
12:14 of 1st period - Minor Penalty to Gemel Smith for Hooking.
12:15 of 1st period - Zack Ostapchuk wins face-off versus Jujhar Khaira in SHEDIAC CRUNCH zone.
12:15 of 1st period - Jonathan Gruden is hit by Braden Hache and loses puck.
13:51 of 1st period - Gavin Hayes is hit by Marcel Marcel and loses puck.
14:20 of 1st period - Riley Kidney is hit by Brandon Coe and loses puck.
14:27 of 1st period - Shot by Chase De Leo.
14:27 of 1st period - Stopped by Jaxson Stauber with a rebound.
14:29 of 1st period - Shot by Brandon Coe.
14:29 of 1st period - Shot Misses the Net.
14:41 of 1st period - Shot by Tyce Thompson.
14:41 of 1st period - Shot Misses the Net.
16:19 of 1st period - Icing by Jimmy Schuldt.
16:20 of 1st period - Cameron Lund wins face-off versus Jujhar Khaira in SHEDIAC CRUNCH zone.
16:42 of 1st period - Minor Penalty to Brandon Coe for Hooking.
16:43 of 1st period - Zack Ostapchuk wins face-off versus Alex Doucet in SHEDIAC CRUNCH zone.
16:48 of 1st period - Shot by Jonathan Gruden.
16:48 of 1st period - Stopped by Matt Villalta with a rebound.
16:52 of 1st period - Shot by Zack Ostapchuk.
16:52 of 1st period - Deflect By Gavin Hayes.
16:52 of 1st period - Stopped by Matt Villalta without a rebound.
16:53 of 1st period - Jujhar Khaira wins face-off versus Cameron Lund in SHEDIAC CRUNCH zone.
17:16 of 1st period - Shot by Curtis Lazar.
17:16 of 1st period - Shot Misses the Net.
18:19 of 1st period - Braden Hache is hit by Lukas Rousek and loses puck.
19:03 of 1st period - Shot by Cameron Lund.
19:03 of 1st period - Stopped by Matt Villalta without a rebound.
19:04 of 1st period - Zack Ostapchuk wins face-off versus Rasmus Asplund in SHEDIAC CRUNCH zone.
19:55 of 1st period - Shot by Riley Kidney.
19:55 of 1st period - Shot Misses the Net.
19:57 of 1st period - Shot by Matthew Poitras.
19:57 of 1st period - Stopped by Matt Villalta with a rebound.
19:59 of 1st period - Shot by Matthew Poitras.
19:59 of 1st period - Goal by Matthew Poitras - SHEDIAC CRUNCH : 0 - PHILADELPHIA RAIDERS : 3.
Goals for this period are 0 for SHEDIAC CRUNCH vs 3 for PHILADELPHIA RAIDERS.
Shots for this period are 13 for SHEDIAC CRUNCH vs 16 for PHILADELPHIA RAIDERS.

2nd period


0:01 of 2nd period - Curtis Lazar wins face-off versus Dylan Gambrell in neutral zone.
0:03 of 2nd period - Matthew Poitras is hit by Jimmy Schuldt and loses puck.
0:08 of 2nd period - Shot by Curtis Lazar.
0:08 of 2nd period - Shot Misses the Net.
0:33 of 2nd period - Shot by Curtis Lazar.
0:33 of 2nd period - Stopped by Matt Villalta without a rebound.
0:34 of 2nd period - Jujhar Khaira wins face-off versus Zack Ostapchuk in SHEDIAC CRUNCH zone.
0:42 of 2nd period - Off-side.
0:43 of 2nd period - Zack Ostapchuk wins face-off versus Jujhar Khaira in neutral zone.
0:51 of 2nd period - Jonathan Gruden is hit by Braden Hache and loses puck.
0:55 of 2nd period - Icing by Braden Hache.
0:56 of 2nd period - Gemel Smith wins face-off versus Matthew Poitras in SHEDIAC CRUNCH zone.
2:12 of 2nd period - Shot by Dylan Gambrell.
2:12 of 2nd period - Deflect By Alex Doucet.
2:12 of 2nd period - Stopped by Jaxson Stauber with a rebound.
2:36 of 2nd period - Shot by Curtis Lazar.
2:36 of 2nd period - Stopped by Matt Villalta with a rebound.
2:48 of 2nd period - Shot by Lukas Rousek.
2:48 of 2nd period - Stopped by Matt Villalta with a rebound.
2:52 of 2nd period - Shot by Curtis Lazar.
2:52 of 2nd period - Stopped by Matt Villalta with a rebound.
2:54 of 2nd period - Shot by Shai Buium.
2:54 of 2nd period - Stopped by Matt Villalta without a rebound.
2:55 of 2nd period - Riley Kidney wins face-off versus Jujhar Khaira in SHEDIAC CRUNCH zone.
2:59 of 2nd period - Riley Kidney is hit by Braden Hache.
3:10 of 2nd period - Shot by Cameron Lund.
3:10 of 2nd period - Stopped by Matt Villalta without a rebound.
3:11 of 2nd period - Gavin Hayes wins face-off versus Gemel Smith in SHEDIAC CRUNCH zone.
3:12 of 2nd period - Shot by Zack Ostapchuk.
3:12 of 2nd period - Stopped by Matt Villalta without a rebound.
3:13 of 2nd period - Zack Ostapchuk wins face-off versus Marcel Marcel in SHEDIAC CRUNCH zone.
3:31 of 2nd period - Shot by Marcel Marcel.
3:31 of 2nd period - Shot Misses the Net.
3:33 of 2nd period - Shot by Marcel Marcel.
3:33 of 2nd period - Stopped by Jaxson Stauber without a rebound.
3:34 of 2nd period - Matthew Poitras wins face-off versus Atley Calvert in PHILADELPHIA RAIDERS zone.
3:40 of 2nd period - Shot by Rasmus Asplund.
3:40 of 2nd period - Stopped by Jaxson Stauber with a rebound.
3:42 of 2nd period - Shot by Elias Salomonsson.
3:42 of 2nd period - Stopped by Jaxson Stauber with a rebound.
3:44 of 2nd period - Shot by Rasmus Asplund.
3:44 of 2nd period - Shot Misses the Net.
3:47 of 2nd period - Rasmus Asplund is hit by Brandon Scanlin and loses puck.
4:28 of 2nd period - Shot by Zack Ostapchuk.
4:28 of 2nd period - Stopped by Matt Villalta without a rebound.
4:29 of 2nd period - Jujhar Khaira wins face-off versus Zack Ostapchuk in SHEDIAC CRUNCH zone.
4:50 of 2nd period - Shot by Zack Ostapchuk.
4:50 of 2nd period - Stopped by Matt Villalta without a rebound.
4:51 of 2nd period - Chase De Leo wins face-off versus Matthew Poitras in SHEDIAC CRUNCH zone.
5:14 of 2nd period - Shot by Cameron Lund.
5:14 of 2nd period - Stopped by Matt Villalta without a rebound.
5:15 of 2nd period - Jujhar Khaira wins face-off versus Zack Ostapchuk in SHEDIAC CRUNCH zone.
5:15 of 2nd period - Jujhar Khaira is hit by Zack Ostapchuk.
5:18 of 2nd period - Icing by Marcel Marcel.
5:19 of 2nd period - Jujhar Khaira wins face-off versus Gavin Hayes in SHEDIAC CRUNCH zone.
6:24 of 2nd period - Atley Calvert is hit by Brandon Scanlin and loses puck.
6:53 of 2nd period - Minor Penalty to Curtis Lazar for Interference.
6:54 of 2nd period - Lukas Rousek wins face-off versus Jujhar Khaira in PHILADELPHIA RAIDERS zone.
6:54 of 2nd period - Lukas Rousek is hit by Marcel Marcel.
7:08 of 2nd period - Matthew Poitras is hit by Marcel Marcel and loses puck.
7:22 of 2nd period - Shot by Luke Prokop.
7:22 of 2nd period - Shot Misses the Net.
9:01 of 2nd period - Icing by Callahan Burke.
9:02 of 2nd period - Chase De Leo wins face-off versus Zack Ostapchuk in SHEDIAC CRUNCH zone.
9:29 of 2nd period - Shot by Jonathan Gruden.
9:29 of 2nd period - Shot Misses the Net.
9:31 of 2nd period - Shot by Jonathan Gruden.
9:31 of 2nd period - Deflect By Zack Ostapchuk.
9:31 of 2nd period - Stopped by Matt Villalta without a rebound.
9:32 of 2nd period - Atley Calvert wins face-off versus Matthew Poitras in SHEDIAC CRUNCH zone.
9:57 of 2nd period - Shot by Curtis Lazar.
9:57 of 2nd period - Stopped by Matt Villalta without a rebound.
9:58 of 2nd period - Jujhar Khaira wins face-off versus Matthew Poitras in SHEDIAC CRUNCH zone.
10:07 of 2nd period - Icing by Braden Hache.
10:08 of 2nd period - Jujhar Khaira wins face-off versus Jonathan Gruden in SHEDIAC CRUNCH zone.
10:08 of 2nd period - Jujhar Khaira is hit by Zack Ostapchuk.
11:01 of 2nd period - Off-side.
11:02 of 2nd period - Riley Kidney wins face-off versus Dylan Gambrell in neutral zone.
11:07 of 2nd period - Shot by Matthew Poitras.
11:07 of 2nd period - Stopped by Matt Villalta without a rebound.
11:08 of 2nd period - Matthew Poitras wins face-off versus Alex Doucet in SHEDIAC CRUNCH zone.
11:13 of 2nd period - Shot by Matthew Poitras.
11:13 of 2nd period - Stopped by Matt Villalta without a rebound.
11:14 of 2nd period - Dylan Gambrell wins face-off versus Zack Ostapchuk in SHEDIAC CRUNCH zone.
11:14 of 2nd period - Dylan Gambrell is hit by Zack Ostapchuk.
11:33 of 2nd period - Minor Penalty to Donovan Sebrango for Interference.
11:34 of 2nd period - Curtis Lazar wins face-off versus Dylan Gambrell in PHILADELPHIA RAIDERS zone.
11:51 of 2nd period - Shot by Alex Doucet.
11:51 of 2nd period - Shot Misses the Net.
12:33 of 2nd period - Shot by Marcel Marcel.
12:33 of 2nd period - Stopped by Jaxson Stauber without a rebound.
12:34 of 2nd period - Curtis Lazar wins face-off versus Alex Doucet in PHILADELPHIA RAIDERS zone.
12:45 of 2nd period - Shot by Alex Doucet.
12:45 of 2nd period - Shot Misses the Net.
12:59 of 2nd period - Shot by Dylan Gambrell.
12:59 of 2nd period - Stopped by Jaxson Stauber without a rebound.
13:00 of 2nd period - Lukas Rousek wins face-off versus Jujhar Khaira in PHILADELPHIA RAIDERS zone.
13:07 of 2nd period - Shai Buium is hit by Gemel Smith and loses puck.
13:20 of 2nd period - Shot by Marcel Marcel.
13:20 of 2nd period - Stopped by Jaxson Stauber without a rebound.
13:21 of 2nd period - Jujhar Khaira wins face-off versus Curtis Lazar in PHILADELPHIA RAIDERS zone.
13:53 of 2nd period - Zack Ostapchuk is hit by Tyrel Bauer and loses puck.
13:59 of 2nd period - Minor Penalty to Elias Salomonsson for Hooking.
14:00 of 2nd period - Alex Doucet wins face-off versus Matthew Poitras in SHEDIAC CRUNCH zone.
14:35 of 2nd period - Shot by Matthew Poitras.
14:35 of 2nd period - Shot Misses the Net.
14:37 of 2nd period - Shot by Curtis Lazar.
14:37 of 2nd period - Shot Blocked by Luke Prokop.
16:37 of 2nd period - Cale Fleury is hit by Brandon Coe and loses puck.
16:50 of 2nd period - Shot by Jonathan Gruden.
16:50 of 2nd period - Shot Misses the Net.
16:52 of 2nd period - Shot by Noah Warren.
16:52 of 2nd period - Stopped by Matt Villalta with a rebound.
16:58 of 2nd period - Shot by Jonathan Gruden.
16:58 of 2nd period - Stopped by Matt Villalta without a rebound.
16:59 of 2nd period - Atley Calvert wins face-off versus Riley Kidney in SHEDIAC CRUNCH zone.
16:59 of 2nd period - Dylan Gambrell is hit by Tyce Thompson and loses puck.
17:06 of 2nd period - Cale Fleury is hit by Atley Calvert and loses puck.
17:57 of 2nd period - Jonathan Gruden is hit by Braden Hache.
18:27 of 2nd period - Shot by Curtis Lazar.
18:27 of 2nd period - Stopped by Matt Villalta with a rebound.
18:32 of 2nd period - Minor Penalty to Luke Prokop for Roughing.
18:33 of 2nd period - Alex Doucet wins face-off versus Matthew Poitras in SHEDIAC CRUNCH zone.
19:56 of 2nd period - Shot by Zack Ostapchuk.
19:56 of 2nd period - Stopped by Matt Villalta without a rebound.
19:57 of 2nd period - Jujhar Khaira wins face-off versus Cameron Lund in SHEDIAC CRUNCH zone.
Goals for this period are 0 for SHEDIAC CRUNCH vs 0 for PHILADELPHIA RAIDERS.
Shots for this period are 7 for SHEDIAC CRUNCH vs 18 for PHILADELPHIA RAIDERS.

3rd period


0:01 of 3rd period - Jujhar Khaira wins face-off versus Lukas Rousek in neutral zone.
0:14 of 3rd period - Shot by Curtis Lazar.
0:14 of 3rd period - Deflect By Matthew Poitras.
0:14 of 3rd period - Shot Misses the Net.
0:16 of 3rd period - Shot by Curtis Lazar.
0:16 of 3rd period - Shot Blocked by Braden Hache.
0:18 of 3rd period - Shot by Curtis Lazar.
0:18 of 3rd period - Stopped by Matt Villalta without a rebound.
0:19 of 3rd period - Jujhar Khaira wins face-off versus Zack Ostapchuk in SHEDIAC CRUNCH zone.
0:19 of 3rd period - Jujhar Khaira is hit by Zack Ostapchuk.
0:50 of 3rd period - Shai Buium is hit by Jimmy Schuldt and loses puck.
1:22 of 3rd period - Icing by Donovan Sebrango.
1:23 of 3rd period - Jujhar Khaira wins face-off versus Zack Ostapchuk in PHILADELPHIA RAIDERS zone.
1:43 of 3rd period - Donovan Sebrango is hit by Gemel Smith and loses puck.
1:54 of 3rd period - Shot by Jonathan Gruden.
1:54 of 3rd period - Deflect By Zack Ostapchuk.
1:54 of 3rd period - Stopped by Matt Villalta without a rebound.
1:55 of 3rd period - Lukas Rousek wins face-off versus Atley Calvert in SHEDIAC CRUNCH zone.
2:06 of 3rd period - Shot by Curtis Lazar.
2:06 of 3rd period - Stopped by Matt Villalta with a rebound.
2:08 of 3rd period - Shot by Jaycob Megna.
2:08 of 3rd period - Shot Misses the Net.
2:10 of 3rd period - Shot by Jaycob Megna.
2:10 of 3rd period - Shot Misses the Net.
2:12 of 3rd period - Shot by Matthew Poitras.
2:12 of 3rd period - Shot Blocked by Elias Salomonsson.
2:14 of 3rd period - Shot by Curtis Lazar.
2:14 of 3rd period - Shot Misses the Net.
2:29 of 3rd period - Matthew Poitras is hit by Tyrel Bauer and loses puck.
2:40 of 3rd period - Shot by Zack Ostapchuk.
2:40 of 3rd period - Shot Misses the Net.
2:42 of 3rd period - Shot by Zack Ostapchuk.
2:42 of 3rd period - Deflect By Jonathan Gruden.
2:42 of 3rd period - Stopped by Matt Villalta without a rebound.
2:43 of 3rd period - Zack Ostapchuk wins face-off versus Jujhar Khaira in SHEDIAC CRUNCH zone.
2:46 of 3rd period - Shot by Jonathan Gruden.
2:46 of 3rd period - Stopped by Matt Villalta without a rebound.
2:47 of 3rd period - Zack Ostapchuk wins face-off versus Jujhar Khaira in SHEDIAC CRUNCH zone.
2:48 of 3rd period - Shot by Jonathan Gruden.
2:48 of 3rd period - Shot Misses the Net.
2:51 of 3rd period - Zack Ostapchuk is hit by Jimmy Schuldt and loses puck.
3:08 of 3rd period - Shot by Zack Ostapchuk.
3:08 of 3rd period - Stopped by Matt Villalta without a rebound.
3:09 of 3rd period - Chase De Leo wins face-off versus Matthew Poitras in SHEDIAC CRUNCH zone.
3:21 of 3rd period - Icing by Shai Buium.
3:22 of 3rd period - Matthew Poitras wins face-off versus Dylan Gambrell in PHILADELPHIA RAIDERS zone.
3:27 of 3rd period - Shot by Cameron Lund.
3:27 of 3rd period - Stopped by Matt Villalta without a rebound.
3:28 of 3rd period - Zack Ostapchuk wins face-off versus Dylan Gambrell in SHEDIAC CRUNCH zone.
3:41 of 3rd period - Shot by Dylan Gambrell.
3:41 of 3rd period - Shot Misses the Net.
3:43 of 3rd period - Shot by Alex Doucet.
3:43 of 3rd period - Stopped by Jaxson Stauber without a rebound.
3:44 of 3rd period - Jujhar Khaira wins face-off versus Matthew Poitras in PHILADELPHIA RAIDERS zone.
4:01 of 3rd period - Shot by Marcel Marcel.
4:01 of 3rd period - Shot Misses the Net.
4:03 of 3rd period - Shot by Braden Hache.
4:03 of 3rd period - Shot Blocked by Curtis Lazar.
4:16 of 3rd period - Minor Penalty to Jujhar Khaira for Holding.
4:17 of 3rd period - Zack Ostapchuk wins face-off versus Atley Calvert in SHEDIAC CRUNCH zone.
4:20 of 3rd period - Shot by Gavin Hayes.
4:20 of 3rd period - Shot Misses the Net.
5:50 of 3rd period - Shot by Jonathan Gruden.
5:50 of 3rd period - Shot Misses the Net.
5:52 of 3rd period - Shot by Zack Ostapchuk.
5:52 of 3rd period - Deflect By Jonathan Gruden.
5:52 of 3rd period - Shot Misses the Net.
6:35 of 3rd period - Shot by Cameron Lund.
6:35 of 3rd period - Shot Blocked by Jujhar Khaira.
6:35 of 3rd period - Jujhar Khaira from SHEDIAC CRUNCH is injured at 6:35 of 3rd period (Fractured Metatarsal (Right Foot)).
6:36 of 3rd period - Riley Kidney wins face-off versus Chase De Leo in SHEDIAC CRUNCH zone.
7:00 of 3rd period - Cameron Lund is hit by Braden Hache and loses puck.
7:16 of 3rd period - Matthew Poitras is hit by Braden Hache and loses puck.
7:28 of 3rd period - Curtis Lazar is hit by Luke Prokop and loses puck.
7:31 of 3rd period - Shot by Curtis Lazar.
7:31 of 3rd period - Shot Misses the Net.
7:33 of 3rd period - Shot by Curtis Lazar.
7:33 of 3rd period - Stopped by Matt Villalta without a rebound.
7:34 of 3rd period - Atley Calvert wins face-off versus Zack Ostapchuk in SHEDIAC CRUNCH zone.
7:34 of 3rd period - Atley Calvert is hit by Zack Ostapchuk.
8:35 of 3rd period - Shot by Dylan Gambrell.
8:35 of 3rd period - Stopped by Jaxson Stauber with a rebound.
8:37 of 3rd period - Shot by Alex Doucet.
8:37 of 3rd period - Deflect By Dylan Gambrell.
8:37 of 3rd period - Shot Blocked by Shai Buium.
8:39 of 3rd period - Shot by Alex Doucet.
8:39 of 3rd period - Stopped by Jaxson Stauber without a rebound.
8:40 of 3rd period - Lukas Rousek wins face-off versus Rasmus Asplund in PHILADELPHIA RAIDERS zone.
8:40 of 3rd period - Lukas Rousek is hit by Rasmus Asplund.
8:50 of 3rd period - Shot by Curtis Lazar.
8:50 of 3rd period - Shot Misses the Net.
9:08 of 3rd period - Shot by Rasmus Asplund.
9:08 of 3rd period - Stopped by Jaxson Stauber without a rebound.
9:09 of 3rd period - Zack Ostapchuk wins face-off versus Chase De Leo in PHILADELPHIA RAIDERS zone.
9:09 of 3rd period - Zack Ostapchuk is hit by Brandon Coe.
10:00 of 3rd period - Shot by Gemel Smith.
10:00 of 3rd period - Shot Blocked by Shai Buium.
10:09 of 3rd period - Riley Kidney is hit by Braden Hache and loses puck.
10:17 of 3rd period - Matthew Poitras is hit by Braden Hache and loses puck.
10:49 of 3rd period - Lukas Rousek is hit by Braden Hache and loses puck.
10:58 of 3rd period - Shot by Lukas Rousek.
10:58 of 3rd period - Shot Blocked by Luke Prokop.
11:00 of 3rd period - Shot by Curtis Lazar.
11:00 of 3rd period - Stopped by Matt Villalta with a rebound.
11:03 of 3rd period - Minor Penalty to Braden Hache for High sticking.
11:04 of 3rd period - Atley Calvert wins face-off versus Cameron Lund in SHEDIAC CRUNCH zone.
11:10 of 3rd period - Icing by Shai Buium.
11:11 of 3rd period - Dylan Gambrell wins face-off versus Cameron Lund in PHILADELPHIA RAIDERS zone.
11:36 of 3rd period - Shot by Cameron Lund.
11:36 of 3rd period - Shot Misses the Net.
12:46 of 3rd period - Shot by Zack Ostapchuk.
12:46 of 3rd period - Shot Misses the Net.
12:56 of 3rd period - Shot by Matthew Poitras.
12:56 of 3rd period - Shot Misses the Net.
12:58 of 3rd period - Shot by Jaycob Megna.
12:58 of 3rd period - Goal by Jaycob Megna - SHEDIAC CRUNCH : 0 - PHILADELPHIA RAIDERS : 4.
12:59 of 3rd period - Chase De Leo wins face-off versus Riley Kidney in neutral zone.
13:06 of 3rd period - Shot by Callahan Burke.
13:06 of 3rd period - Stopped by Jaxson Stauber without a rebound.
13:07 of 3rd period - Chase De Leo wins face-off versus Matthew Poitras in PHILADELPHIA RAIDERS zone.
13:12 of 3rd period - Shot by Callahan Burke.
13:12 of 3rd period - Shot Misses the Net.
13:18 of 3rd period - Shot by Callahan Burke.
13:18 of 3rd period - Shot Misses the Net.
13:24 of 3rd period - Shot by Chase De Leo.
13:24 of 3rd period - Stopped by Jaxson Stauber with a rebound.
13:39 of 3rd period - Shot by Callahan Burke.
13:39 of 3rd period - Stopped by Jaxson Stauber with a rebound.
13:52 of 3rd period - Callahan Burke is hit by Zack Ostapchuk and loses puck.
14:08 of 3rd period - Icing by Gemel Smith.
14:09 of 3rd period - Tyce Thompson wins face-off versus Gemel Smith in SHEDIAC CRUNCH zone.
14:09 of 3rd period - Minor Penalty to Braden Hache for Hooking.
14:10 of 3rd period - Alex Doucet wins face-off versus Zack Ostapchuk in SHEDIAC CRUNCH zone.
14:10 of 3rd period - Alex Doucet is hit by Zack Ostapchuk.
14:25 of 3rd period - Jonathan Gruden is hit by Luke Prokop.
15:01 of 3rd period - Shot by Lukas Rousek.
15:01 of 3rd period - Stopped by Matt Villalta with a rebound.
16:10 of 3rd period - Braden Hache is hit by Tyce Thompson and loses puck.
16:14 of 3rd period - Icing by Braden Hache.
16:15 of 3rd period - Riley Kidney wins face-off versus Atley Calvert in SHEDIAC CRUNCH zone.
16:19 of 3rd period - Matthew Poitras is hit by Braden Hache.
16:22 of 3rd period - Minor Penalty to Braden Hache for Tripping.
16:23 of 3rd period - Matthew Poitras wins face-off versus Alex Doucet in SHEDIAC CRUNCH zone.
16:43 of 3rd period - Shot by Matthew Poitras.
16:43 of 3rd period - Shot Misses the Net.
16:45 of 3rd period - Shot by Curtis Lazar.
16:45 of 3rd period - Shot Misses the Net.
16:47 of 3rd period - Shot by Jaycob Megna.
16:47 of 3rd period - Stopped by Matt Villalta without a rebound.
16:48 of 3rd period - Atley Calvert wins face-off versus Zack Ostapchuk in SHEDIAC CRUNCH zone.
17:43 of 3rd period - Shot by Marcel Marcel.
17:43 of 3rd period - Shot Blocked by Jaycob Megna.
17:45 of 3rd period - Shot by Elias Salomonsson.
17:45 of 3rd period - Shot Blocked by Shai Buium.
18:03 of 3rd period - Shot by Alex Doucet.
18:03 of 3rd period - Deflect By Chase De Leo.
18:03 of 3rd period - Stopped by Jaxson Stauber without a rebound.
18:04 of 3rd period - Cameron Lund wins face-off versus Atley Calvert in PHILADELPHIA RAIDERS zone.
18:23 of 3rd period - Shot by Jonathan Gruden.
18:23 of 3rd period - Shot Misses the Net.
18:24 of 3rd period - Minor Penalty to Tyce Thompson for Hooking.
18:25 of 3rd period - Riley Kidney wins face-off versus Chase De Leo in PHILADELPHIA RAIDERS zone.
18:25 of 3rd period - Riley Kidney is hit by Marcel Marcel.
19:15 of 3rd period - Shot by Alex Doucet.
19:15 of 3rd period - Stopped by Jaxson Stauber without a rebound.
19:16 of 3rd period - Curtis Lazar wins face-off versus Marcel Marcel in PHILADELPHIA RAIDERS zone.
19:16 of 3rd period - Curtis Lazar is hit by Marcel Marcel.
19:45 of 3rd period - Shot by Gemel Smith.
19:45 of 3rd period - Shot Misses the Net.
Goals for this period are 0 for SHEDIAC CRUNCH vs 1 for PHILADELPHIA RAIDERS.
Shots for this period are 9 for SHEDIAC CRUNCH vs 12 for PHILADELPHIA RAIDERS.